 Dungeon Crawl Stone Soup version 0.28.0 (webtiles) character file.

Game seed: 5734208561448298525

858 Morbidden the Ruffian (level 7, -14/55 HPs)
             Began as a Demonspawn Fighter on Feb 15, 2022.
             Was an Initiate of Cheibriados.
             Killed from afar by Ijyb (22 damage)
             ... with a bolt of acid
             ... on level 5 of the Dungeon.
             The game lasted 00:07:33 (5872 turns).

Morbidden the Ruffian (Demonspawn Fighter)          Turns: 5872, Time: 00:07:34

Health: -14/55     AC:  7    Str: 19    XL:     7   Next: 71%
Magic:  9/9        EV:  6    Int: 10    God:    Cheibriados [......]
Gold:   220        SH:  6    Dex: 14    Spells: 7/9 levels left

rFire   . . .      SeeInvis .     - Unarmed
rCold   . . .      Faith    .   (no shield)
rNeg    . . .      Spirit   .   s - +0 plate armour
rPois   .          Reflect  .   (no helmet)
rElec   .          Harm     .   (no cloak)
rCorr   .          Rampage  .   (no gloves)
Will    .....                   (no boots)
Stlth   ..........              (no amulet)
HPRegen 0.18/turn               (no ring)
MPRegen 0.11/turn               (no ring)

@: corroded, slow
A: claws 2, large bone plates 2, demonic magic 1, wild magic 1
a: Renounce Religion


You were on level 5 of the Dungeon.
You worshipped Cheibriados.
Cheibriados was noncommittal.
You visited 2 branches of the dungeon, and saw 6 of its levels.

You collected 220 gold pieces.

Inventory:

Hand Weapons
 l - a +0 dagger
Missiles
 c - 10 poisoned darts
 p - 4 javelins
 q - a throwing net
 t - 6 boomerangs (quivered)
Armour
 g - a +0 scale mail of cold resistance
 s - a +0 plate armour (worn)
Wands
 j - a wand of polymorph (9)
Scrolls
 a - 3 scrolls of vulnerability {unknown}
 b - a scroll of teleportation {unknown}
 e - 3 scrolls of enchant armour {unknown}
 i - 4 scrolls of blinking {unknown}
 k - a scroll of amnesia {unknown}
 m - 2 scrolls of fog {unknown}
 n - 2 scrolls of noise {unknown}
 u - a scroll of torment {unknown}
 w - 2 scrolls of identify {unknown}
Potions
 d - a potion of might
 f - a potion of mutation
 h - 2 potions of berserk rage
 o - a potion of cancellation {unknown}
 r - 2 potions of flight {unknown}
 v - 2 potions of ambrosia {unknown}


   Skills:
 * Level 4.4 Fighting
 + Level 2.0 Long Blades
 + Level 3.9 Armour
 * Level 2.1 Dodging
 + Level 0.3 Stealth
 + Level 3.1 Shields
 * Level 5.2 Unarmed Combat
 * Level 1.7 Spellcasting
 * Level 0.9 Fire Magic
 * Level 0.7 Invocations


You had 7 spell levels left.
You knew the following spells:

 Your Spells              Type           Power      Damage    Failure   Level
a - Scorch                Fire           6%         2d5       100%        2

Your spell library contained the following spells:

 Spells                   Type           Power      Damage    Failure   Level
 Flame Wave               Conj/Fire      2%         2d4       100%        4
 Summon Cactus Giant      Summ           0%         N/A       100%        6


Dungeon Overview and Level Annotations

Branches:
Dungeon (5/15)             Temple (1/1) D:4

Altars:
Cheibriados
Dithmenos
Fedhas
Gozag
Hepliaklqana
Kikubaaqudgha
Nemelex Xobeh
Okawaru
Qazlal
Ru
Sif Muna
Trog
Vehumet
Wu Jian
Zin
The Shining One

Shops:
D:4 *

Annotations:
D:5 Ijyb


Innate Abilities, Weirdness & Mutations

You have very sharp fingernails.
You are mostly covered in large bone plates. (SH +6)
Spells you cast may paralyse adjacent enemies.
Your spells are a little harder to cast, but a little more powerful.


Message History

Ijyb is moderately wounded.
Ijyb zaps a wand.
The bolt of acid misses you.
Ijyb is nearby!
You scratch Ijyb but do no damage.
Ijyb is moderately wounded.
You block Ijyb's attack.
You miss Ijyb.
Ijyb is moderately wounded.
Ijyb hits you with a +0 dagger.
You closely miss Ijyb. You claw Ijyb.
Ijyb is moderately wounded.
You scratch Ijyb.
Ijyb is heavily wounded.
You block Ijyb's attack.
You scratch Ijyb.
Ijyb is severely wounded.
Ijyb hits you but does no damage.
You completely miss Ijyb.
Ijyb is severely wounded.
You block Ijyb's attack.
You completely miss Ijyb.
Ijyb is severely wounded.
Ijyb screams, "Me very upset!"
Ijyb zaps a wand.
The bolt of acid hits you!!
You scratch Ijyb.
Ijyb is severely wounded.
You block Ijyb's attack.
You scratch Ijyb but do no damage.
Ijyb is severely wounded.
Ijyb zaps a wand.
The bolt of acid hits you!!
* * * LOW HITPOINT WARNING * * *
The acid corrodes you!
You are too injured to fight recklessly!
You are too injured to fight recklessly!
Unknown command.
It was a potion of mutation.
You feel extremely strange.
You feel less in control of your magic.
Ijyb grins evilly.
Ijyb zaps a wand.
The bolt of acid hits you!!
You die...

##### ##############
##...## #............#
###.....# #.####.......#
........###.####@......#
###.............g......#
# ##...####.####.......#
# ##### #.# #!.....?# ##
#.. ........# .## ####
#.......# <.## ........#
...# ........# ..##


You could see Ijyb.

Vanquished Creatures
  Sigmund (D:3)
  3 phantoms
  2 scorpions
  A bullfrog (D:3)
  A bullfrog skeleton (D:4)
  A centaur skeleton (D:5)
  An iguana (D:4)
  Natasha (thrice) (D:2)
  A hound zombie (D:5)
  4 adders
  An adder skeleton (D:4)
  2 worms
  6 orcs
  10 ball pythons
  4 bats
  6 endoplasms
  3 giant cockroaches
  10 goblins
  6 hobgoblins
  5 quokkas
  5 frilled lizards
  11 kobolds
  9 rats
96 creatures vanquished.

Vanquished Creatures (others)
  A plant (D:4)
  A withered plant (D:1)
2 creatures vanquished.

Grand Total: 98 creatures vanquished

Notes
Turn   | Place    | Note
-------+----------+-------------------------------------------
     0 | D:1      | Morbidden the Demonspawn Fighter began the quest for the
                  | Orb.
     0 | D:1      | Reached XP level 1. HP: 18/18 MP: 1/1
   435 | D:1      | Gained mutation: You have sharp fingernails. [demonic
                  | ancestry]
   435 | D:1      | Reached XP level 2. HP: 19/24 MP: 2/2
   679 | D:1      | Found a faded altar of an unknown god.
  1356 | D:2      | Reached skill level 1 in Dodging
  1356 | D:2      | Gained mutation: You are partially covered in large bone
                  | plates. (SH +4) [demonic ancestry]
  1356 | D:2      | Reached XP level 3. HP: 24/29 MP: 3/3
  1686 | D:2      | Reached skill level 1 in Unarmed Combat
  1727 | D:2      | Noticed Natasha
  1736 | D:2      | Killed Natasha
  1737 | D:2      | Gained mutation: You have very sharp fingernails. [demonic
                  | ancestry]
  1737 | D:2      | Reached XP level 4. HP: 34/37 MP: 4/4
  1897 | D:2      | Noticed Natasha
  2209 | D:2      | Killed Natasha
  2225 | D:2      | Noticed Natasha
  2236 | D:2      | Killed Natasha
  2237 | D:2      | Reached skill level 2 in Unarmed Combat
  2237 | D:2      | Reached XP level 5. HP: 42/42 MP: 5/5
  2843 | D:3      | Noticed Sigmund
  3397 | D:3      | Killed Sigmund
  3398 | D:3      | Reached skill level 3 in Unarmed Combat
  3398 | D:3      | Gained mutation: You are mostly covered in large bone
                  | plates. (SH +6) [demonic ancestry]
  3398 | D:3      | Reached XP level 6. HP: 41/48 MP: 6/6
  3626 | D:3      | Found a bloodstained altar of Trog.
  3842 | D:4      | Reached skill level 4 in Unarmed Combat
  3961 | D:4      | Learned a level 2 spell: Scorch
  3990 | D:4      | Found Quipuq's Assorted Antiques.
  4268 | D:4      | Gained mutation: Spells you cast may paralyse adjacent
                  | enemies. [demonic ancestry]
  4268 | D:4      | Reached XP level 7. HP: 42/54 MP: 7/7
  4383 | D:4      | Found a shadowy altar of Dithmenos.
  4647 | D:4      | Reached skill level 1 in Spellcasting
  5048 | D:4      | Found a staircase to the Ecumenical Temple.
  5057 | Temple   | Entered the Ecumenical Temple
  5122 | Temple   | Became a worshipper of Cheibriados the Contemplative
  5347 | D:5      | Entered Level 5 of the Dungeon
  5375 | D:5      | Found an ancient bone altar of Kikubaaqudgha.
  5763 | D:5      | Reached skill level 5 in Unarmed Combat
  5858 | D:5      | Noticed Ijyb
  5872 | D:5      | Gained mutation: Your spells are a little harder to cast,
                  | but a little more powerful. [potion of mutation]
  5872 | D:5      | Killed from afar by Ijyb

Illustrated notes

Levels and vault maps discovered:
D:1:      sevenhm_arrival_forest_fort_large_4, layout_basic,
          shapermc_ecumenical_altar_gd, minmay_misc_feat_nine_boxes, st_stairs_4
D:2:      layout_loops_ring, minmay_tromino_i2, uniq_natasha
D:3:      layout_loops_ring, trog_butcher_becter, uniq_sigmund
D:4:      corexii_shack_village, layout_loops_corners,
          mainiacjoe_overflow_surrounded_room, lemuel_temple_firewalk_a,
          serial_shops, nicolae_stop_n_shop_1, saegor_snake_ambush
D:5:      layout_loops_cross, mainiacjoe_overflow_paths, uniq_ijyb
Temple:   cyrus_circular_temple

Skill      XL: |  1  2  3  4  5  6  7 |
---------------+----------------------+-----
Long Blades    | 2 |  2.0
Dodging        | 1 2 |  2.1
Unarmed Combat | 1 2 3 4 5 |  5.2
Shields        | 3 |  3.1
Armour         | 3 |  3.9
Fighting       | 4 |  4.4
Spellcasting   | 1 |  1.7
Stealth        | |  0.3
Fire Magic     | |  0.9
Invocations    | |  0.7

Action                   |  1- 3 |  4- 6 |  7- 9 || total
-------------------------+-------+-------+-------++-------
Melee: Long sword        |    25 |       |       ||    25
       Unarmed           |    97 |   173 |    91 ||   361
       Punch             |       |     2 |     3 ||     5
Throw: Dart              |       |     3 |       ||     3
Evoke: Wand              |       |     1 |       ||     1
  Use: Potion            |       |     1 |     1 ||     2
Armor: Scale mail        |    59 |    35 |       ||    94
       Skin              |     1 |     2 |       ||     3
       Plate armour      |       |    25 |    36 ||    61
Dodge: Dodged            |    59 |    76 |    17 ||   152
Block: Buckler           |     8 |       |       ||     8
       Other             |     2 |    28 |    23 ||    53
